 Dungeon Crawl Stone Soup version bcrawl-1.21.2-20-g6d45ba5942 (webtiles) character file.

Game seed: 2132063973568788074

3668 Mrkan the Cleaver (level 9, 0/81 HPs)
             Began as a Minotaur Fighter on Feb 25, 2020.
             Was a Follower of Makhleb.
             Slain by a crocodile (4 damage)
             ... on level 7 of the Dungeon.
             The game lasted 00:08:11 (5538 turns).

Mrkan the Cleaver (Minotaur Fighter)                Turns: 5538, Time: 00:08:12

Health: 0/81       AC: 12    Str: 28    XL:     9   Next: 89%
Magic:  11/11      EV:  7    Int:  5    God:    Makhleb [*.....]
Gold:   515        SH: 12    Dex: 11    Spells: 8/8 levels left

rFire    . . .     SeeInvis .   a - +0 war axe
rCold    . . .     Gourm    .   c - +0 medium shield
rNeg     . . .     Faith    .   w - +0 chain mail
rPois    .         Spirit   .   (helmet restricted)
rElec    .         Reflect  .   y - +0 cloak (curse)
rCorr    .         Harm     .   (no gloves)
MR       .....                  (no boots)
Stlth    ..........             (no amulet)
HPRegen  0.23/turn              (no ring)
MPRegen  0.12/turn              (no ring)

@: mighty
A: retaliatory headbutt, horns 2
a: Renounce Religion


You were on level 7 of the Dungeon.
You worshipped Makhleb.
Makhleb was aware of your devotion.
You were not hungry.

You visited 1 branch of the dungeon, and saw 7 of its levels.

You collected 515 gold pieces.

Inventory:

Hand Weapons
 a - a +0 war axe (weapon)
 D - a cursed -1 trident
Armour
 c - a +0 medium shield (worn)
 k - a +0 cloak
 w - a +0 chain mail (worn)
 y - a cursed +0 cloak (worn)
Jewellery
 m - a cursed -3 ring of dexterity {unknown}
 C - a cursed amulet of inaccuracy {unknown}
Wands
 u - a wand of acid (8)
Scrolls
 g - 3 scrolls of blinking
 i - 10 scrolls of identify
 j - 3 scrolls of magic mapping {unknown}
 l - 2 scrolls of teleportation {unknown}
 n - 2 scrolls of noise {unknown}
 q - 5 scrolls of remove curse {unknown}
 r - 8 scrolls of immolation {unknown}
 s - 2 scrolls of enchant weapon {unknown}
 x - a scroll of enchant armour {unknown}
 A - a scroll of fear {unknown}
Potions
 b - 2 potions of cancellation {unknown}
 d - a potion of might
 o - 2 potions of brilliance {unknown}
 p - 2 potions of flight {unknown}
 t - a potion of haste {unknown}
 v - 2 potions of mutation {unknown}
 z - a potion of heal wounds {unknown}
Comestibles
 e - 15 rations {!d}


   Skills:
 + Level 8.0 Fighting
 * Level 10.3 Axes
 + Level 8.1 Armour
 + Level 8.1 Shields
 + Level 4.5 Invocations


You had 8 spell levels left.
You didn't know any spells.
Your spell library contained the following spells:

 Spells                   Type           Power        Failure   Level  Hunger
 Apportation              Tloc           #.....       99%         1    ##.....
 Infusion                 Chrm           #.......     99%         1    ##.....
 Sandblast                Erth           #.....       99%         1    ##.....
 Slow                     Hex            #.......     99%         1    ##.....
 Summon Butterflies       Summ           #.......     99%         1    ##.....


Dungeon Overview and Level Annotations

Branches:
Dungeon (7/12)             Temple (0/1) D:7
   Lair: D:7-9

Altars:
Ashenzari
Fedhas
Makhleb
Ru
Xom
Yredelemnul
Zin

Annotations:
D:3 2 transporters


Innate Abilities, Weirdness & Mutations

You reflexively headbutt those who attack you in melee.
You have a pair of horns on your head.


Message History

You feel very mighty all of a sudden. You block the crocodile's attack.
The crocodile bites you.
* * * LOW HITPOINT WARNING * * *
The bullfrog barely misses you. You furiously retaliate!
You headbutt the bullfrog!
You kill the bullfrog!
Makhleb accepts your kill. You block the gnoll's attack.
You hit the crocodile. Your headbutt misses the crocodile.
The crocodile is severely wounded.
You closely miss the crocodile. You slash the gnoll!
You kill the gnoll!
Makhleb accepts your kill.
Your Fighting skill increases to level 8!
The crocodile bites you.
* * * LOW HITPOINT WARNING * * *
The crocodile bites you.
* * * LOW HITPOINT WARNING * * *
The crocodile bites you.
You die...

## # .###.## ###
####....#..
...####........#.
#..#..t........
######....t@....... ##
###.....†....)....#..
.###........######...#
.......###.#.# .###
#######.#..### %
###### ##


You could see 2 crocodiles.

Vanquished Creatures
  A centaur skeleton (D:6)
  A yak (D:7)
  A wyvern (D:7)
  A human (D:7)
  3 hogs (D:7)
  A basilisk (D:7)
  A steam dragon (D:7)
  Eustachio (D:5)
  Menkaure (D:5)
  A crocodile (D:7)
  An orc warrior (D:6)
  An ice beast (D:7)
  A black bear (D:6)
  3 ogres
  2 centaurs (D:7)
  2 bullfrogs
  Blork the orc (D:5)
  A water moccasin zombie (D:5)
  A centaur zombie (D:6)
  3 crimson imps
  A bullfrog zombie (D:6)
  A hound (D:4)
  A bullfrog skeleton (D:5)
  An orc priest (D:5)
  10 orc wizards
  4 iguanas
  2 worker ants (D:5)
  A killer bee zombie (D:5)
  A worker ant zombie (D:6)
  6 gnolls
  A howler monkey skeleton (D:7)
  4 adders
  2 shadow imps (D:5)
  3 oozes
  An adder zombie (D:5)
  3 worms
  2 dart slugs
  6 leopard geckos
  28 orcs
  2 ball pythons (D:2)
  A giant cockroach (D:2)
  4 goblins
  12 hobgoblins
  12 jackals
  10 kobolds
  4 quokkas
  8 bats
  8 frilled lizards
  A jackal skeleton (D:6)
  5 rats
173 creatures vanquished.

Notes
Turn   | Place    | Note
-------+----------+-------------------------------------------
     0 | D:1      | Mrkan the Minotaur Fighter began the quest for the Orb.
     0 | D:1      | Reached XP level 1. HP: 19/19 MP: 0/0
    88 | D:1      | Reached XP level 2. HP: 21/27 MP: 1/1
   253 | D:1      | Reached skill level 3 in Axes
   657 | D:2      | Reached XP level 3. HP: 33/33 MP: 2/2
   992 | D:2      | Reached XP level 4. HP: 39/40 MP: 3/3
  1083 | D:2      | Found a basalt altar of Yredelemnul.
  1584 | D:3      | Reached skill level 4 in Axes
  1719 | D:3      | Found a shimmering altar of Xom.
  1734 | D:3      | Noticed an ogre
  1739 | D:3      | Killed an ogre
  1739 | D:3      | Reached XP level 5. HP: 39/47 MP: 4/4
  1816 | D:3      | Found a transporter.
  1987 | D:3      | Found a transporter.
  2210 | D:4      | Reached skill level 5 in Axes
  2343 | D:4      | Reached XP level 6. HP: 54/55 MP: 5/5
  2361 | D:4      | Reached skill level 5 in Fighting
  2361 | D:4      | Reached skill level 5 in Armour
  2361 | D:4      | Reached skill level 5 in Shields
  3156 | D:5      | Entered Level 5 of the Dungeon
  3388 | D:5      | Reached skill level 6 in Axes
  3397 | D:5      | Reached XP level 7. HP: 55/61 MP: 6/6
  3416 | D:5      | Noticed Blork the orc
  3428 | D:5      | Killed Blork the orc
  3513 | D:5      | Noticed a cacodemon
  3514 | D:5      | Found a burning altar of Makhleb.
  3517 | D:5      | Found a glowing silver altar of Zin.
  3517 | D:5      | Noticed an angel
  3520 | D:5      | Became a worshipper of Makhleb the Destroyer
  3587 | D:5      | Noticed Menkaure
  3591 | D:5      | Killed Menkaure
  3614 | D:5      | Noticed Eustachio
  3627 | D:5      | Killed Eustachio
  3627 | D:5      | Reached skill level 7 in Axes
  3627 | D:5      | Reached skill level 1 in Invocations
  3697 | D:5      | Reached XP level 8. HP: 49/70 MP: 8/8
  4184 | D:6      | Found a sacrificial altar of Ru.
  4308 | D:6      | Reached * piety under Makhleb
  4308 | D:6      | Reached skill level 8 in Axes
  4821 | D:7      | Reached XP level 9. HP: 67/78 MP: 10/10
  4830 | D:7      | Reached skill level 9 in Axes
  4910 | D:7      | Found a shattered altar of Ashenzari.
  4913 | D:7      | Found a blossoming altar of Fedhas.
  5311 | D:7      | Found a staircase to the Ecumenical Temple.
  5513 | D:7      | Reached skill level 10 in Axes
  5537 | D:7      | HP: 4/81 [crocodile (1)]
  5538 | D:7      | Slain by a crocodile

Skill      XL: |  1  2  3  4  5  6  7  8  9 |
---------------+----------------------------+-----
Axes           | 3 4 5 6 7 8 10 | 10.3
Armour         | 4 5 6 7 8 |  8.1
Shields        | 4 5 6 7 8 |  8.1
Fighting       | 4 5 6 8 |  8.0
Invocations    | 1 3 4 |  4.5

Action                   |  1- 3 |  4- 6 |  7- 9 || total
-------------------------+-------+-------+-------++-------
Melee: War axe           |    87 |   130 |   260 ||   477
       Headbutt          |    13 |    25 |    53 ||    91
  Use: Scroll            |       |       |     4 ||     4
       Potion            |       |       |     1 ||     1
  Eat: Chunk             |       |     8 |     7 ||    15
Armor: Scale mail        |    62 |    35 |       ||    97
       Chain mail        |       |    31 |   132 ||   163
Dodge: Dodged            |    24 |    36 |    75 ||   135
Block: Medium shield     |    63 |    57 |   161 ||   281
